 Dungeon Sprint DCSS version 0.31-a0-841-g038b102fc3 (webtiles) character file.

Game seed: 5189122981183418706

5 sircluck the Ruffian (level 1, -5/34 HPs)
             Began as a Troll Berserker on Sept 27, 2023.
             Was a Believer of Trog.
             Slain by a tyrant leech (17 damage)
             ... in the Dungeon (Sprint VII: "The Pits").
             The game lasted 00:00:12 (61 turns).

sircluck the Ruffian (Troll Berserker)                Turns: 61, Time: 00:00:12

Health: -5/34      AC:  4    Str: 24    XL:     1   Next: 66%
Magic:  0/0        EV: 10    Int:  3    God:    Trog [**....]
Gold:   0          SH:  0    Dex:  9    Spells: 0/0 levels left

rFire   . .          .
                       - Unarmed
rCold   . . .        (no shield)
rNeg    . . .        a - +0 animal skin
rPois   .            (helmet restricted)
rElec   .            (no cloak)
rCorr   .            (gloves unavailable)
SInv    .            (boots unavailable)
Will    .....        (no amulet) Stlth
                     (no ring)
HPRegen 1.05/turn    (no ring)
MPRegen 0.07/turn

%: no teleportation
@: berserking, very quick
A: large, unfitting armour, claws 3, regeneration 1, shaggy fur 1, tough skin 1
a: Renounce Religion, Berserk, Trog's Hand


You were in the Dungeon.
You worshipped Trog.
Trog was pleased with you.
You visited 1 branch

Inventory:

Armour
 a - a +0 animal skin (worn)
Scrolls
 g - a scroll of blinking
Potions
 b - a potion of curing
 c - a potion of heal wounds
 d - a potion of haste
 e - 2 potions of magic
 f - a potion of berserk rage


   Skills:
 + Level 3.0 Fighting
 + Level 2.9 Dodging
 + Level 3.6 Unarmed Combat


You couldn't memorise any spells.
You didn't know any spells.
Your spell library was empty.

Dungeon Overview and Level Annotations

Branches:
Dungeon (1/1)

Altars:


Innate Abilities, Weirdness & Mutations

You are too large for most types of armour.
You have claws for hands.
Your natural rate of healing is unusually fast.
You are covered in fur. (AC +1)
You have tough skin. (AC +1)


Message History

You kill the jackal!
Trog accepts your kill.
You can now call upon Trog for regeneration and willpower.
The jackal misses you.
You claw the jackal!
You kill the jackal!
Trog accepts your kill.
Your Fighting skill increases to level 3!
No target in view!
No target in view!
No target in view!
No target in view!
No target in view!
No target in view!
No target in view!
No target in view!
No target in view!
No target in view!
Things that are here:
a jackal corpse; a jackal corpse
There is a huge open gate to the Metal Vault (Medium) here.
There is a huge open gate to the Metal Vault (Medium) here.
A tyrant leech comes into view.
You start waiting.
A tyrant leech is nearby!
A red film seems to cover your vision as you go berserk!
You feel yourself moving faster!
You feel mighty!
You miss the tyrant leech. You scratch the tyrant leech.
The tyrant leech is lightly wounded.
You claw the tyrant leech!
The tyrant leech is moderately wounded.
The tyrant leech bites you!!
Ouch! That really hurt!
The tyrant leech draws strength from your injuries!
You claw the tyrant leech!
The tyrant leech is lightly wounded.
The tyrant leech bites you!
Ouch! That really hurt!
You die...

#................+
+................+
#......#†.#......#
#.†.....†........#
####'#####''######
#.......##''#
#.......##..##
#.......##...##
#...<...###@..#
#.......#
##w.......
#.......#
..###+###
#.......# ..##
##########.. #.w
##. ##


You could see a tyrant leech.

Vanquished Creatures
  4 jackals (D)
4 creatures vanquished.

Notes
Turn   | Place    | Note
-------+----------+-------------------------------------------
     0 | D        | sircluck the Troll Berserker began the quest for the Orb.
     0 | D        | Reached XP level 1. HP: 22/22 MP: 0/0
    38 | D        | Reached ** piety under Trog
    51 | D        | Noticed a tyrant leech
    61 | D        | Slain by a tyrant leech

Illustrated notes

Levels and vault maps discovered:
D:        pitsprint [storerooms_1, entrance_room_1, metal_vault_5, armoury_1,
          mini_pit_1, grid_room_1, main_hall_1, silver_pit, the_coven_3,
          the_vestibule_1, steel_vault_2, golden_pit, hallway_of_sentries,
          crystal_vault_6, iron_vault_2, final_vault]

Skill      XL: |  1 |
---------------+----+-----
Fighting       | 3 |  3.0
Dodging        | |  2.9
Unarmed Combat | |  3.6

Action                     || total
---------------------------++-------
  Melee: Unarmed           ||    17
 Invoke: Berserk           ||     1
 Armour: Animal skin       ||    12
  Dodge: Dodged            ||    12

Table legend: (Time is in decaauts)
 A = Elapsed time spent in this place.
 B = Non-inter-level travel time spent in this place.
 C = Inter-level travel time spent in this place.
 D = Time resting spent in this place.
 E = Time spent auto-exploring this place.
 F = Levels seen in this place.
 G = Mean time per level.
                   A        B        C        D        E       F      G
               +--------+--------+--------+--------+--------+-----+--------+
         Total |     59 |     59 |      0 |      4 |     11 |   1 |   59.0 |
       Dungeon |     59 |     59 |      0 |      4 |     11 |   1 |   59.0 |
               +--------+--------+--------+--------+--------+-----+--------+

Top non-repeatable levels by time:
       D: 59 daAuts
